 Dungeon Crawl Stone Soup version 0.27.1 (webtiles) character file.

Game seed: 2862973677070618096

123 shadowrider38 the Skirmisher (level 5, 0/55 HPs)
             Began as an Ogre Arcane Marksman on Aug 25, 2021.
             Slain by a worm (3 damage)
             ... on level 3 of the Dungeon.
             The game lasted 00:07:02 (3960 turns).

shadowrider38 the Skirmisher (Ogre Arcane Marksman) Turns: 3960, Time: 00:07:03

Health: 0/55       AC:  5    Str: 15    XL:     5   Next: 7%
Magic:  6/6        EV:  9    Int: 14    God:
Gold:   115        SH:  0    Dex:  9    Spells: 3/6 levels left

rFire    + . .     SeeInvis .   a - +0 hand axe
rCold    + . .     Faith    .   (no shield)
rNeg     . . .     Spirit   .   o - +2 robe {rC+ rF+}
rPois    .         Reflect  .   (helmet restricted)
rElec    .         Harm     .   (no cloak)
rCorr    .         Rampage  .   (gloves unavailable)
Will     .....                  (boots unavailable)
Stlth    +.........             (no amulet)
HPRegen  0.18/turn              (no ring)
MPRegen  0.10/turn              (no ring)

@: no status effects
A: large, unfitting armour, tough skin 1
a: no special abilities


You were on level 3 of the Dungeon.
You visited 1 branch of the dungeon, and saw 3 of its levels.

You collected 115 gold pieces.

Inventory:

Hand Weapons
 a - a +0 hand axe (weapon)
Missiles
 c - 2 throwing nets (quivered)
 e - 8 poisoned darts
 r - 61 stones
Armour
 o - a +2 robe of resistance (worn)
Jewellery
 k - a ring of willpower
Scrolls
 g - a scroll of blinking {unknown}
 j - 2 scrolls of magic mapping {unknown}
 p - a scroll of teleportation {unknown}
Potions
 d - 2 potions of invisibility {unknown}
 f - a potion of berserk rage {unknown}
 h - a potion of flight {unknown}
 i - a potion of brilliance {unknown}
 l - a potion of attraction {unknown}
 m - a potion of degeneration {unknown}
 q - a potion of haste {unknown}


   Skills:
 + Level 4.4 Fighting
 + Level 3.7 Throwing
 - Level 1.7 Dodging
 - Level 1.2 Spellcasting
 - Level 2.8 Hexes


You had 3 spell levels left.
You knew the following spells:

 Your Spells              Type           Power      Damage    Failure   Level
a - Corona                Hex            8%         N/A       9%          1
b - Slow                  Hex            8%         N/A       12%         2

Your spell library contained the following spells:

 Spells                   Type           Power      Damage    Failure   Level
 Inner Flame              Hex/Fire       4%         N/A       41%         3
 Portal Projectile        Hex/Tloc       8%         N/A       41%         3
 Cause Fear               Hex            4%         N/A       63%         4


Dungeon Overview and Level Annotations

Branches:
Dungeon (3/15)

Altars:
Cheibriados
Vehumet

Annotations:
D:3 Ijyb


Innate Abilities, Weirdness & Mutations

You are too large for most types of armour.
You have tough skin. (AC +1)


Message History

Ijyb is almost dead.
Ijyb zaps a wand.
The puff of flame hits you. You resist.
Aiming: Throw Flame
Press: ? - help, Shift-Dir - straight line, f/p - Ijyb
Aim: Ijyb, wielding a +0 dagger, wearing a +0 leather armour and carrying a wand of flame (12) (severely wounded, 60% to hit)
The puff of flame hits Ijyb.
Ijyb is almost dead.
The worm barely misses you. Ijyb hits you with a +0 dagger.
Aiming: Throw Flame
Press: ? - help, Shift-Dir - straight line, f/p - Ijyb
Aim: Ijyb, wielding a +0 dagger, wearing a +0 leather armour and carrying a wand of flame (12) (almost dead, 60% to hit)
The puff of flame hits Ijyb.
Ijyb is almost dead.
The now-empty wand crumbles to dust.
Ijyb barely misses you. The worm bites you.
You aren't carrying any items that you can evoke.
Ijyb zaps a wand.
The puff of flame hits you. You resist.
* * * LOW HITPOINT WARNING * * *
You closely miss Ijyb.
Ijyb is almost dead.
Ijyb zaps a wand.
The puff of flame misses you.
You hit Ijyb but do no damage.
Ijyb is almost dead.
You hit the worm.
Ijyb drinks a potion.
Ijyb is healed!
The worm bites you.
* * * LOW HITPOINT WARNING * * *
Ijyb zaps a wand.
The puff of flame hits you. You resist.
* * * LOW HITPOINT WARNING * * *
Throw: 2 throwing nets
Press: ? - help, Q - select action, (/) - cycle Shift-Dir - straight line, f/p - Ijyb
Aim: Ijyb, wielding a +0 dagger, wearing a +0 leather armour and carrying a wand of flame (9) (heavily wounded, 50% to hit)
Okay, then.
Casting: Corona (safe; 9% risk of failure)
Confirm with . or Enter, or press ? or * to list all spells.
Okay, then.
You hit Ijyb.
Ijyb is heavily wounded.
You hit the worm.
Ijyb zaps a wand.
The puff of flame hits you. You resist.
* * * LOW HITPOINT WARNING * * *
The worm bites you.
You die...

#..P..#....w. ......##+.##
#..PP........ ..........##
#..≈........ ............
#.....⌠.... ..........##
##......####+#+#..#.....#.##
##.#..##.........###.#.#.##
#.........>...............
#######.w...........#.....
#.g@.....######.....
#........+....'.....
#........######.....
#........# #..... #........#
#..... #........# #.....
#.(......# #..... ##########
#..... ._...


You could see Ijyb and a worm.

Vanquished Creatures
  3 adders
  4 gnolls (D:2)
  An adder skeleton (D:3)
  A worm (D:2)
  4 dart slugs
  3 ball pythons
  3 bats
  2 endoplasms
  2 giant cockroaches
  2 goblins
  5 hobgoblins
  3 jackals (D:2)
  A quokka (D:1)
  6 frilled lizards
  2 kobolds
  4 rats
  A spectral goblin (D:1)
47 creatures vanquished.

Notes
Turn   | Place    | Note
-------+----------+-------------------------------------------
     0 | D:1      | shadowrider38 the Ogre Arcane Marksman began the quest for
                  | the Orb.
     0 | D:1      | Reached XP level 1. HP: 19/19 MP: 2/2
   360 | D:1      | Found a faded altar of an unknown god.
   373 | D:1      | Reached skill level 2 in Fighting
   373 | D:1      | Reached XP level 2. HP: 26/28 MP: 3/3
  1270 | D:2      | Reached XP level 3. HP: 23/36 MP: 4/4
  1589 | D:2      | Reached skill level 3 in Fighting
  1800 | D:2      | Reached XP level 4. HP: 3/48 MP: 5/5
  2363 | D:2      | Reached skill level 4 in Fighting
  2785 | D:2      | Learned a level 2 spell: Slow
  3129 | D:3      | Found a snail-covered altar of Cheibriados.
  3486 | D:3      | Reached XP level 5. HP: 30/55 MP: 6/6
  3720 | D:3      | Found a radiant altar of Vehumet.
  3942 | D:3      | Noticed Ijyb
  3960 | D:3      | Slain by a worm

Illustrated notes

Levels and vault maps discovered:
D:1:      matt_arrival_grand_opening, layout_loops_ring,
          dreamdust_ecumenical_altar_drowned_temple, minivault_5
D:2:      layout_loops_corners, minmay_close_crescents
D:3:      layout_basic, old_standard_altar,
          nicolae_uskayaw_murder_on_the_dancefloor, overflow_temple_1_default,
          tso_oasis_becter, uniq_robin, uniq_ijyb

Skill      XL: |  1  2  3  4 |
---------------+-------------+-----
Fighting       | 2 3 4 |  4.4
Throwing       | 3 |  3.7
Dodging        | |  1.7
Spellcasting   | |  1.2
Hexes          | |  2.8

Action                   |  1- 3 |  4- 6 || total
-------------------------+-------+-------++-------
Melee: Hand axe          |    83 |    96 ||   179
Throw: Large rock        |    16 |     7 ||    23
Evoke: Wand              |       |     9 ||     9
 Stab: Sleeping          |     1 |       ||     1
Armor: Robe              |    30 |    49 ||    79
Dodge: Dodged            |    49 |    53 ||   102
